 Dungeon Crawl Stone Soup version 0.20.1-1-g8b1a95d (webtiles) character file.

31066 letownia2 the Reanimator (level 13, -4/113 HPs)
             Began as a Deep Dwarf Necromancer on Dec 22, 2017.
             Was an Initiate of Gozag.
             Slain by an orc warrior
             ... wielding a +0 war axe
             ... led by an orc warlord
              (10 damage)
             ... on level 1 of the Orcish Mines.
             The game lasted 00:58:02 (14679 turns).

letownia2 the Reanimator (Deep Dwarf Necromancer)  Turns: 14679, Time: 00:58:02

Health: -4/113     AC: 23    Str: 14    XL:     13   Next: 24%
Magic:  35/35      EV:  7    Int: 24    God:    Gozag
Gold:   535        SH:  0    Dex: 11    Spells: 14/30 levels left

rFire    . . .     SeeInvis .   a - +4 battleaxe (freeze)
rCold    + . .     Gourm    .   (shield currently unavailable)
rNeg     . . .     Faith    .   H - +5 chain mail of the Fiddle {rPois Regen+ MP+9 Slay+3}
rPois    +         Spirit   .   W - +2 helmet
rElec    .         Reflect  .   (no cloak)
rCorr    .         Harm     .   N - +1 pair of gloves
MR       +....                  t - +0 pair of boots
Stlth    ..........             (no amulet)
Regen    0.0/turn               M - ring of protection from fire
MPRegen  0.3/turn               k - ring of Bavyd {Ice Int+3}

@: about to teleport, non-regenerating, slowed, very slow
A: damage resistance, heal wounds, rugged brown scales 1, clever 1, clumsy 1,
sense surroundings 2, no regeneration
a: Heal Wounds, Potion Petition, Call Merchant, Bribe Branch, Renounce Religion


You were on level 1 of the Orcish Mines.
You worshipped Gozag.
Gozag was pleased with you.
You were not hungry.

You visited 4 branches of the dungeon, and saw 17 of its levels.
You also visited: Ice Cave.

You collected 3960 gold pieces.
You spent 323 gold pieces at shops.
You paid 3102 gold pieces to Gozag.

Inventory:

Hand Weapons
 a - a +4 battleaxe of freezing (weapon)
 b - a +2 flail of protection
 g - a +2 hand axe of venom
 Q - a +2 executioner's axe of electrocution
 Y - a +1 scimitar of flaming
Missiles
 j - 126 bolts
 F - 4 silver javelins (quivered)
Armour
 s - a +4 plate armour of fire resistance
 t - a +0 pair of boots (worn)
 H - the +5 chain mail of the Fiddle (worn) {rPois Regen+ MP+9 Slay+3}
   (You found it on level 7 of the Dungeon)

   It affects your accuracy and damage with ranged weapons and melee attacks
   (+3).
   It protects you from poison.
   It affects your magic capacity (+9).
   It increases your rate of regeneration.
 N - a +1 pair of gloves (worn)
 W - a +2 helmet (worn)
Magical Staves
 K - an uncursed staff of energy
Jewellery
 k - the ring of Bavyd (right hand) {Ice Int+3}
   (You found it in an ice cave)

   [ring of ice]

   It enhances your ice magic.
   It affects your intelligence (+3).
   It makes you vulnerable to fire.
   It protects you from cold.
 o - an uncursed ring of resist corrosion
 M - a ring of protection from fire (left hand)
Wands
 m - a wand of lightning (0/15)
 q - a wand of confusion (9/48)
 C - a wand of random effects (7/48)
 D - a wand of digging (12/24)
 E - a wand of confusion (27/48)
 I - a wand of digging (13/24)
 O - a wand of paralysis (11/24)
 P - a wand of confusion (24/48)
 X - a wand of disintegration (7/24)
Scrolls
 h - 3 scrolls of fog
 l - a scroll of summoning
 B - a scroll of identify
 Z - a scroll of remove curse
Potions
 e - 3 potions of flight
 f - a potion of resistance
 p - a potion of cancellation
 r - 2 potions of heal wounds
 u - a potion of haste
 w - a potion of brilliance
 x - 4 potions of might {unknown}
 y - 8 potions of curing
 J - 3 potions of lignification
 L - 2 potions of agility
 T - 2 potions of ambrosia
 U - a potion of berserk rage
 V - 2 potions of degeneration {unknown}
Miscellaneous
 d - a phantom mirror
Comestibles
 c - 3 bread rations


   Skills:
 + Level 5.6 Fighting
 + Level 11.3 Axes
 - Level 7.0 Armour
 - Level 2.1 Dodging
 - Level 2.4 Stealth
 - Level 9.3 Spellcasting
 - Level 3.7 Conjurations
 - Level 2.6 Charms
 + Level 12.7 Necromancy
 - Level 3.1 Fire Magic
 - Level 3.2 Air Magic
 - Level 2.1 Poison Magic
 - Level 6.0 Evocations


You had 14 spell levels left.
You knew the following spells:

 Your Spells              Type           Power        Failure   Level  Hunger
a - Pain                  Necr           ####         1%          1    None
b - Blink                 Tloc           N/A          83%         2    None
c - Conjure Flame         Conj/Fire      ####....     58%         3    None
e - Mephitic Cloud        Conj/Pois/Air  ####....     65%         3    None
p - Poisonous Vapours     Pois/Air       ###...       45%         2    None
s - Swiftness             Chrm/Air       ####....     41%         2    None
v - Vampiric Draining     Necr           ######....   1%          3    None


Dungeon Overview and Level Annotations

Branches:
Dungeon (12/15)            Temple (1/1) D:5            Lair (3/6) D:11
    Orc (1/2) D:12
  Swamp: Lair:2-4    Shoals: Lair:2-4     Snake: Lair:2-4    Spider: Lair:2-4

Altars:
Ashenzari
Cheibriados
Dithmenos
Fedhas
Gozag
Hepliaklqana
Kikubaaqudgha
Makhleb
Nemelex Xobeh
Okawaru
Qazlal
Ru
Sif Muna
Uskayaw
Xom
Yredelemnul
The Shining One
Beogh

Shops:
D:8 [   Lair:2 ([[

Annotations:
D:11 1 exclusion
D:12 Fannar
Lair:3 Harold, Rupert


Innate Abilities, Weirdness & Mutations

You are resistant to damage.
You can heal yourself by infusing magical energy.
You passively map the area around you.
You do not regenerate.
You are partially covered in rugged brown scales. (AC +1, +3% HP)
Your mind is acute. (Int +2)
You are clumsy. (Dex -2)


Message History

The orc priest looks encouraged for a moment.
Unknown command.
The orc warrior shouts!
Unknown command.
Okay, then.
Okay, then.
Unknown command.
As you read the scroll of teleportation, it crumbles to dust.
You feel strangely unstable. The wraith hits you.
* * * LOW HITPOINT WARNING * * *
The wraith drains your vigour!
You feel as though you will be slow longer.
Unknown command.
Unknown command.
Okay, then.
An orc wizard comes into view. It is wielding a dagger.
The orc shouts!
The orc warrior hits you with a war axe!
You die...
Your body crumbles into a pile of gold.

... ,* * ####........#........#
,....o######$##.#.$..........#.#*
...oo..o$...$o..$..$.......#..##
,.....WW####.##..o<>[...........#
....o.. * ####o...$.....$.......
#...... * ##..o.oo........##...#
o.o##.#* #..oo##W......###* .##
.o ## ##..o#.W.#....# * # # ,* *
##.#@..###...# , , ,
##....#,$..## , ** *, ,
##..#...... * , #####.#..## * ,
** ###### * , *, * ,


You could see 2 wraiths, 2 orc warriors, an orc priest, an orc wizard and 3
orcs.

Vanquished Creatures
  A frost giant (IceCv)
  An orc warlord (D:12)
  Josephine (Orc:1)
  Erolcha (D:12)
  Erica (Lair:1)
  3 two-headed ogres
  Nergalle (Lair:3)
  An ugly thing (D:9)
  2 cyclopes
  2 black mambas
  Psyche (D:12)
  A centaur zombie (D:12)
  2 gargoyles (D:10)
  2 spiny frogs
  3 komodo dragons
  5 trolls
  16 polar bears (IceCv)
  5 hippogriffs
  29 yaks
  A shadow (D:10)
  2 wyverns
  3 wraiths
  3 water moccasins
  4 porcupines
  9 orc warriors
  2 sky beasts
  A phantom (D:9)
  2 eyes of draining
  An ice beast (D:5)
  24 wolves
  5 ogres
  13 centaurs
  5 crocodiles
  2 big kobolds
  9 bullfrogs
  6 scorpions
  A wyvern skeleton (D:11)
  A water moccasin skeleton (D:10)
  4 killer bees (D:11)
  5 wights (D:6)
  2 electric eels (D:11)
  3 bullfrog zombies
  3 howler monkeys
  2 crimson imps
  A quasit (D:10)
  2 centaur skeletons
  12 hounds
  3 jellies
  A gnoll shaman (D:5)
  5 orc priests
  3 bullfrog skeletons
  4 iguanas
  14 orc wizards
  7 worker ants
  A worker ant zombie (D:11)
  Robin (D:3)
  13 adders
  4 gnolls (D:5)
  A howler monkey skeleton (D:4)
  A shadow imp (D:6)
  An ooze (D:6)
  An adder skeleton (D:4)
  An adder zombie (D:8)
  2 worms
  A dart slug (D:2)
  7 leopard geckos
  70 orcs
  A ball python (D:6)
  A bat (D:2)
  5 giant cockroaches
  13 goblins
  8 hobgoblins
  3 jackals (D:1)
  13 kobolds
  5 quokkas
  2 frilled lizards
  A leopard gecko skeleton (D:7)
  A leopard gecko zombie (D:6)
  6 rats
406 creatures vanquished.

Vanquished Creatures (others)
  A fungus (Lair:3)
  4 plants (Lair:3)
5 creatures vanquished.

Grand Total: 411 creatures vanquished

Notes
Turn   | Place    | Note
-------+----------+-------------------------------------------
     0 | D:1      | letownia2 the Deep Dwarf Necromancer began the quest for the Orb.
     0 | D:1      | Reached XP level 1. HP: 15/15 MP: 3/3
   140 | D:2      | Reached XP level 2. HP: 22/22 MP: 0/5
   357 | D:2      | Reached skill level 5 in Necromancy
   530 | D:4      | Reached XP level 3. HP: 28/28 MP: 0/6
   535 | D:4      | Learned a level 3 spell: Vampiric Draining
   689 | D:4      | Reached XP level 4. HP: 29/36 MP: 0/7
   790 | D:4      | Reached skill level 6 in Necromancy
   916 | D:4      | Reached XP level 5. HP: 21/42 MP: 3/8
  1011 | D:4      | Noticed an ogre
  1018 | D:4      | Reached skill level 7 in Necromancy
  1180 | D:4      | Noticed an orc warrior
  1261 | D:4      | Killed an orc warrior
  1261 | D:4      | Reached skill level 8 in Necromancy
  1261 | D:4      | Reached XP level 6. HP: 20/49 MP: 0/9
  1479 | D:4      | Reached skill level 9 in Necromancy
  1479 | D:4      | Reached XP level 7. HP: 26/55 MP: 0/10
  2008 | D:5      | Entered Level 5 of the Dungeon
  2158 | D:5      | Found an iron altar of Okawaru.
  2227 | D:5      | Found a shadowy altar of Dithmenos.
  2318 | D:5      | Found a staircase to the Ecumenical Temple.
  2340 | Temple   | Entered the Ecumenical Temple
  2350 | Temple   | Became a worshipper of Gozag Ym Sagoz the Greedy
  2952 | D:2      | Found a sacrificial altar of Ru.
  3813 | D:3      | Found a faded altar of an unknown god.
  4065 | D:3      | Noticed Robin
  4084 | D:3      | Killed Robin
  4192 | D:4      | Reached skill level 1 in Fighting
  4192 | D:4      | Reached XP level 8. HP: 20/64 MP: 13/13
  4743 | D:6      | Reached skill level 5 in Spellcasting
  5381 | D:7      | Found a sparkling altar of Nemelex Xobeh.
  5653 | D:7      | Reached skill level 5 in Evocations
  5798 | D:7      | Got a crude chain mail
  5988 | D:8      | Gained mutation: You passively map the area around you. [Deep Dwarf growth]
  5988 | D:8      | Reached XP level 9. HP: 51/70 MP: 14/18
  6214 | D:8      | HP: 3/70 [ogre/giant spiked club (24)]
  6586 | D:8      | Found a roughly hewn altar of Beogh.
  6822 | D:8      | Found a hide-covered altar of Uskayaw.
  6824 | D:8      | Found a shimmering altar of Xom.
  6899 | D:8      | Bought a pair of warped gloves for 323 gold pieces
  6909 | D:8      | Identified the +2 pair of gloves of Intuition {-Cast rPois rF+ Int+4} (You bought it in a shop on level 8 of the Dungeon)
  6942 | D:8      | Identified the +5 chain mail of the Fiddle {rPois Regen+ MP+9 Slay+3} (You found it on level 7 of the Dungeon)
  7095 | D:9      | Found a shattered altar of Ashenzari.
  7220 | D:9      | Reached skill level 1 in Armour
  7284 | D:9      | Noticed a troll
  7293 | D:9      | Killed a troll
  7493 | D:9      | Noticed a white ugly thing
  7503 | D:9      | Killed a white ugly thing
  7503 | D:9      | Reached skill level 5 in Armour
  7503 | D:9      | Reached XP level 10. HP: 27/79 MP: 11/22
  8099 | D:10     | Entered Level 10 of the Dungeon
  8272 | D:10     | Noticed a gargoyle
  8281 | D:10     | Killed a gargoyle
  8281 | D:10     | Reached skill level 10 in Necromancy
  8657 | D:10     | Noticed a gargoyle
  8699 | D:10     | Killed a gargoyle
  9444 | D:10     | Reached skill level 11 in Necromancy
  9675 | D:11     | Noticed a two-headed ogre
  9699 | D:11     | Killed a two-headed ogre
  9699 | D:11     | Reached XP level 11. HP: 77/93 MP: 4/24
  9780 | D:11     | Learned a level 2 spell: Poisonous Vapours
  9784 | D:11     | Learned a level 3 spell: Mephitic Cloud
  9787 | D:11     | Learned a level 2 spell: Swiftness
  9937 | D:11     | Reached skill level 1 in Axes
  9937 | D:11     | Reached skill level 1 in Charms
 10041 | D:11     | Noticed an eight-headed hydra
 10063 | D:11     | Found a staircase to the Lair.
 10521 | D:11     | Noticed a two-headed ogre
 10550 | D:11     | Killed a two-headed ogre
 10550 | D:11     | Reached skill level 1 in Conjurations
 10550 | D:11     | Reached skill level 1 in Air Magic
 10550 | D:11     | Reached skill level 1 in Poison Magic
 11022 | Lair:1   | Entered Level 1 of the Lair of Beasts
 11151 | Lair:1   | Noticed Erica
 11241 | Lair:1   | Killed Erica
 11601 | Lair:1   | Got an encrusted scale mail
 11664 | Lair:2   | Identified the +3 scale mail of the Thinker {*Drain MR+++ Regen+ Str-5} (You found it on level 1 of the Lair of Beasts)
 11834 | D:12     | Noticed Psyche
 11914 | D:12     | Killed Psyche
 12005 | D:12     | Noticed Fannar
 12127 | D:12     | Reached skill level 12 in Necromancy
 12190 | D:12     | Noticed Erolcha
 12228 | D:12     | Killed Erolcha
 12228 | D:12     | Reached XP level 12. HP: 46/102 MP: 0/25
 12451 | D:12     | Noticed a two-headed ogre
 12461 | D:12     | Killed a two-headed ogre
 12461 | D:12     | Reached skill level 5 in Axes
 12548 | D:12     | Found a staircase to the Orcish Mines.
 12952 | Lair:3   | Noticed Rupert
 12952 | Lair:3   | Noticed an eight-headed hydra
 12953 | Lair:3   | Paralysed by Rupert for 2 turns
 12961 | Lair:3   | Noticed Harold
 12975 | Lair:3   | Noticed Nergalle
 13137 | Lair:3   | Found a frozen archway.
 13144 | Lair:3   | Learned a level 3 spell: Conjure Flame
 13147 | Lair:3   | Learned a level 2 spell: Blink
 13190 | Lair:3   | Killed Nergalle
 13190 | Lair:3   | Reached skill level 1 in Fire Magic
 13305 | IceCv    | Entered an ice cave
 13357 | IceCv    | Gained mutation: You are partially covered in rugged brown scales. (AC +1, +3% HP) [potion of mutation]
 13357 | IceCv    | Gained mutation: You are clumsy. (Dex -2) [potion of mutation]
 13357 | IceCv    | Gained mutation: Your mind is acute. (Int +2) [potion of mutation]
 13965 | IceCv    | Noticed a frost giant
 13974 | IceCv    | Reached skill level 10 in Axes
 13976 | IceCv    | Killed a frost giant
 13976 | IceCv    | Reached XP level 13. HP: 65/111 MP: 26/26
 14049 | IceCv    | Got a coiled marble ring
 14051 | IceCv    | Identified the ring of Bavyd {Ice Int+3} (You found it in an ice cave)
 14195 | Lair:3   | Reached skill level 5 in Fighting
 14502 | Orc:1    | Entered Level 1 of the Orcish Mines
 14568 | Orc:1    | Noticed Josephine
 14584 | Orc:1    | Noticed an orc warlord
 14586 | Orc:1    | Killed Josephine
 14625 | D:12     | HP: 4/112 [orc warlord/enchanted war axe (9)]
 14626 | D:12     | Killed an orc warlord
 14679 | Orc:1    | Slain by an orc warrior

Skill      XL: |  1  2  3  4  5  6  7  8  9 10 11 12 13 |
---------------+----------------------------------------+-----
Spellcasting   | 2 3 6 8 9 |  9.3
Necromancy     | 5 6 8 9 11 12 | 12.7
Fighting       | 1 4 5 |  5.6
Evocations     | 5 6 |  6.0
Armour         | 5 7 |  7.0
Axes           | 4 10 11 | 11.3
Charms         | 2 |  2.6
Conjurations   | 3 |  3.7
Air Magic      | 3 |  3.2
Poison Magic   | 2 |  2.1
Fire Magic     | 3 |  3.1
Dodging        | |  2.1
Stealth        | |  2.4

Action                   |  1- 3 |  4- 6 |  7- 9 | 10-12 | 13-15 || total
-------------------------+-------+-------+-------+-------+-------++-------
Melee: Whip              |    24 |    39 |   285 |       |       ||   348
       Dagger            |       |       |   126 |    23 |       ||   149
       Flail             |       |       |    15 |   167 |     2 ||   184
       Hand axe          |       |       |       |   304 |       ||   304
       Battleaxe         |       |       |       |    83 |    57 ||   140
       Scimitar          |       |       |       |     3 |       ||     3
Throw: Tomahawk          |       |       |     4 |       |       ||     4
       Javelin           |       |       |       |     5 |       ||     5
 Cast: Pain              |    28 |    17 |   140 |    15 |     4 ||   204
       Vampiric Draining |       |    16 |    99 |   278 |    19 ||   412
       Poisonous Vapours |       |       |       |     5 |       ||     5
       Mephitic Cloud    |       |       |       |     1 |       ||     1
Invok: Call Merchant     |       |       |     1 |     2 |     1 ||     4
Evoke: Wand              |       |       |     3 |    36 |    13 ||    52
  Use: Scroll            |       |       |     6 |    29 |     4 ||    39
       Potion            |       |       |       |     2 |     2 ||     4
 Stab: Sleeping          |       |     1 |       |       |       ||     1
       Distracted        |       |       |     4 |     3 |       ||     7
       Paralysed         |       |       |       |    17 |       ||    17
       Confused          |       |       |       |     2 |       ||     2
  Eat: Chunk             |       |     4 |     4 |       |       ||     8
       Meat ration       |       |       |     2 |     1 |       ||     3
       Bread ration      |       |       |     2 |     3 |       ||     5
       Royal jelly       |       |       |     1 |     3 |       ||     4
       Fruit             |       |       |       |     2 |       ||     2
Armor: Robe              |     5 |     2 |       |       |       ||     7
       Ring mail         |       |    11 |   187 |       |       ||   198
       Chain mail        |       |       |    30 |   775 |    43 ||   848
       Scale mail        |       |       |       |    48 |       ||    48
Dodge: Dodged            |    18 |    38 |   275 |   400 |    16 ||   747
       Rpst.: Scimitar   |       |       |       |     1 |       ||     1
